 Dungeon Crawl Stone Soup version 0.29.0 (webtiles) character file.

Game seed: 8616012195936388736

154 Renzlar the Shield-Bearer (level 5, 27/70 HPs)
             Began as a Gnoll Fighter on Aug 25, 2022.
             Quit the game on level 3 of the Dungeon.
             The game lasted 00:08:10 (1990 turns).

Renzlar the Shield-Bearer (Gnoll Fighter)           Turns: 1990, Time: 00:08:11

Health: 27/70      AC: 22    Str: 17    XL:     5   Next: 35%
Magic:  7/7        EV:  2    Int:  8    God:
Gold:   167        SH:  0    Dex: 11    Spells: 7/7 levels left

rFire   . . .      SeeInvis .   a - +2 war axe
rCold   . . .      Faith    .   c - +0 buckler
rNeg    . . .      Spirit   .   (body armour currently unavailable)
rPois   +          Reflect  .   (helmet currently unavailable)
rElec   .          Harm     .   (cloak currently unavailable)
rCorr   .          Rampage  .   (gloves currently unavailable)
Will    .....      NoTele   +   (boots currently unavailable)
Stlth   +.........              l - amulet of regeneration
HPRegen 1.01/turn               (no ring)
MPRegen 0.10/turn               (no ring)

@: confused, mildly poisoned (27 -> 25), tree-form
A: stationary, stasis, torment immunity, boosted hp, (fangs 1), strong nose,
distributed training
a: no special abilities


You were on level 3 of the Dungeon.
You were a tree.
You visited 1 branch of the dungeon, and saw 3 of its levels.

You collected 167 gold pieces.

Inventory:

Hand Weapons
 a - a +2 war axe (weapon)
Missiles
 i - 4 boomerangs (quivered)
 j - 5 javelins
 k - 6 poisoned darts
 m - a throwing net
Armour
 b - a +0 scale mail (melded)
 c - a +0 buckler (worn)
 f - a +0 pair of boots (melded)
 g - a +0 pair of gloves (melded)
Jewellery
 l - an amulet of regeneration (around neck)
Scrolls
 e - 3 scrolls of immolation
Potions
 d - a potion of might
 h - a potion of curing
 p - a potion of resistance


   Skills:
 + Level 6.7 Fighting
 + Level 1.5 Short Blades
 + Level 1.5 Long Blades
 + Level 4.8 Axes
 + Level 1.5 Maces & Flails
 + Level 1.5 Polearms
 + Level 1.5 Staves
 + Level 1.5 Ranged Weapons
 + Level 1.5 Throwing
 + Level 6.7 Armour
 + Level 1.5 Dodging
 + Level 1.5 Stealth
 + Level 6.7 Shields
 + Level 1.5 Unarmed Combat
 + Level 1.5 Spellcasting
 + Level 1.2 Conjurations
 + Level 1.2 Hexes
 + Level 1.2 Summonings
 + Level 1.2 Necromancy
 + Level 1.2 Translocations
 + Level 1.2 Transmutations
 + Level 1.2 Fire Magic
 + Level 1.2 Ice Magic
 + Level 1.2 Air Magic
 + Level 1.2 Earth Magic
 + Level 1.2 Poison Magic
 + Level 1.7 Invocations
 + Level 1.5 Evocations


You had 7 spell levels left.
You didn't know any spells.
Your spell library contained the following spells:

 Spells                   Type           Power      Damage    Failure   Level
 Gell's Gravitas          Tloc           2%         N/A       65%         3
 Teleport Other           Tloc           2%         N/A       65%         3
 Dispersal                Tloc           1%         N/A       100%        6


Dungeon Overview and Level Annotations

Branches:
Dungeon (3/15)

Altars:
Cheibriados
Hepliaklqana
Kikubaaqudgha


Innate Abilities, Weirdness & Mutations

You are a tree.
Your roots penetrate the ground, keeping you stationary.
You cannot be teleported.
You are immune to unholy pain and torment.
Your maximum health is greatly increased.
Your equipment is partially melded.
((You have very sharp teeth.))
Your uncanny sense of smell can sniff out nearby items.
Your experience applies equally to all skills.


Message History

You cannot move.
You cannot move.
You cannot move.
You cannot move.
Unknown command.
Unknown command.
What are your orders? t - Creak!
Orders for allies: a - Attack new target. r - Retreat! s - Stop attacking. g - Guard the area. f - Follow me.
Anything else - Cancel.
Okay, then.
You cannot move.
You cannot move.
You cannot move.
You cannot move.
You cannot move.
You cannot move.
You cannot move.
You cannot move.
You cannot move.
Throw: 4 boomerangs
Press: ? - help, Q - select action, (/) - cycle Shift-Dir - straight line You throw a boomerang.
Something hits you.
Deactivating autopickup; reactivate with Ctrl-A.
Throw: 4 boomerangs
Press: ? - help, Q - select action, (/) - cycle Shift-Dir - straight line You throw a boomerang.
Something hits you but does no damage.
You are poisoned.
Something hits you but does no damage.
Throw: 4 boomerangs
Press: ? - help, Q - select action, (/) - cycle Shift-Dir - straight line You throw a boomerang.
You feel very sick.
You hear some strange, mumbled words.
You are confused.
Are you sure you want to abandon this character and quit the game? (Confirm with "yes".)

#### #### ###### #..###
.....## #....# #....#
......)##....# #._..#
......{♣.....###....#
......#).).....#..#.###
.#.........###.#..####.>.#
.........>.###.#.........#
#......##.....#.........#
##............##.........#
.....................##.######
.#....#............##.##.#
....#.###.........###..#.#


There were no monsters in sight!

Vanquished Creatures
  A howler monkey (D:3)
  4 gnolls
  2 adders
  A worm (D:3)
  A dart slug (D:2)
  5 orcs (D:3)
  2 bats
  3 endoplasms (D:1)
  3 giant cockroaches
  4 hobgoblins
  4 jackals (D:2)
  3 quokkas
  3 ball pythons
  3 frilled lizards (D:1)
  5 goblins
  2 kobolds
  2 rats (D:1)
48 creatures vanquished.

Vanquished Creatures (others)
  2 fungi (D:2)
2 creatures vanquished.

Grand Total: 50 creatures vanquished

Notes
Turn   | Place    | Note
-------+----------+-------------------------------------------
     0 | D:1      | Renzlar the Gnoll Fighter began the quest for the Orb.
     0 | D:1      | Reached XP level 1. HP: 23/23 MP: 1/1
   155 | D:1      | Reached XP level 2. HP: 29/29 MP: 2/2
   301 | D:1      | You fall into a shaft and drop 1 floor!
   917 | D:1      | Reached XP level 3. HP: 35/35 MP: 3/3
  1059 | D:2      | Reached skill level 1 in Invocations
  1173 | D:2      | Found a faded altar of an unknown god.
  1448 | D:2      | Reached skill level 1 in Short Blades
  1448 | D:2      | Reached skill level 1 in Long Blades
  1448 | D:2      | Reached skill level 1 in Maces & Flails
  1448 | D:2      | Reached skill level 1 in Polearms
  1448 | D:2      | Reached skill level 1 in Staves
  1448 | D:2      | Reached skill level 1 in Ranged Weapons
  1448 | D:2      | Reached skill level 1 in Throwing
  1448 | D:2      | Reached skill level 1 in Dodging
  1448 | D:2      | Reached skill level 1 in Stealth
  1448 | D:2      | Reached skill level 1 in Unarmed Combat
  1448 | D:2      | Reached skill level 1 in Spellcasting
  1448 | D:2      | Reached skill level 1 in Evocations
  1743 | D:2      | Reached XP level 4. HP: 41/41 MP: 5/5
  1760 | D:3      | Reached skill level 1 in Conjurations
  1760 | D:3      | Reached skill level 1 in Hexes
  1760 | D:3      | Reached skill level 1 in Summonings
  1760 | D:3      | Reached skill level 1 in Necromancy
  1760 | D:3      | Reached skill level 1 in Translocations
  1760 | D:3      | Reached skill level 1 in Transmutations
  1760 | D:3      | Reached skill level 1 in Fire Magic
  1760 | D:3      | Reached skill level 1 in Ice Magic
  1760 | D:3      | Reached skill level 1 in Air Magic
  1760 | D:3      | Reached skill level 1 in Earth Magic
  1760 | D:3      | Reached skill level 1 in Poison Magic
  1836 | D:3      | Found a hazy altar of Hepliaklqana.
  1836 | D:3      | Found an ancient bone altar of Kikubaaqudgha.
  1875 | D:3      | Reached XP level 5. HP: 41/47 MP: 5/7
  1948 | D:3      | Found a snail-covered altar of Cheibriados.
  1990 | D:3      | Quit the game

Illustrated notes

Levels and vault maps discovered:
D:1:      matt_arrival_spirals, layout_rooms, minmay_pentomino_r2
D:2:      layout_basic, shapermc_ecumenical_altar_ellora, grunt_ministairs_15
D:3:      layout_rooms, mainiacjoe_overflow_alcove_1, lemuel_crystal_altar,
          elyvilon_altar_1, jmf_multi_god_temple, uniq_robin

Skill      XL: |  1  2  3  4 |
---------------+-------------+-----
Invocations    | 1 |  1.7
Short Blades   | 1 |  1.5
Long Blades    | 1 |  1.5
Maces & Flails | 1 |  1.5
Polearms       | 1 |  1.5
Staves         | 1 |  1.5
Ranged Weapons | 1 |  1.5
Throwing       | 1 |  1.5
Dodging        | 1 |  1.5
Stealth        | 1 |  1.5
Unarmed Combat | 1 |  1.5
Spellcasting   | 1 |  1.5
Evocations     | 1 |  1.5
Conjurations   | 1 |  1.2
Hexes          | 1 |  1.2
Summonings     | 1 |  1.2
Necromancy     | 1 |  1.2
Translocations | 1 |  1.2
Transmutations | 1 |  1.2
Fire Magic     | 1 |  1.2
Ice Magic      | 1 |  1.2
Air Magic      | 1 |  1.2
Earth Magic    | 1 |  1.2
Poison Magic   | 1 |  1.2
Fighting       | |  6.7
Axes           | |  4.8
Armour         | |  6.7
Shields        | |  6.7

Action                   |  1- 3 |  4- 6 || total
-------------------------+-------+-------++-------
Melee: War axe           |    98 |    58 ||   156
       Bite              |     8 |     8 ||    16
Throw: Boomerang         |     4 |     5 ||     9
  Use: Scroll            |    11 |     1 ||    12
       Potion            |       |     2 ||     2
Armor: Scale mail        |    25 |    21 ||    46
       Skin              |       |     3 ||     3
Dodge: Dodged            |    35 |    21 ||    56
Block: Buckler           |    30 |    12 ||    42
